MID
BELOIT SNAPPERS @ QUAD CITIES RIVER BANDITS
08/06/2098
 
TOP OF THE 1ST
Beloit Snappers batting - Pitching for Quad Cities River Bandits : LHP Will Lepp
Pitching: LHP Will Lepp
Batting: LHB Steve Witmer 0-0: Ball
1-0: Called Strike
1-1: Called Strike
1-2: Strikes out looking
Batting: RHB Bobby Old 0-0: Called Strike
0-1: Ball
1-1: Called Strike
1-2: Ball
2-2: Ball
3-2: Strikes out swinging
Batting: RHB Bobby Flores 0-0: Foul Ball, location: 5FF
0-1: Fly out, F7 (Flyball, 8LM, EV 95.6 MPH)
Top of the 1st over - 0 runs, 0 hits, 0 errors, 0 left on base; Beloit 0 - Quad Cities 0
BOTTOM OF THE 1ST
Quad Cities River Bandits batting - Pitching for Beloit Snappers : RHP Paul Hilborn
Pitching: RHP Paul Hilborn
Batting: RHB Alex Romero 0-0: Ball
1-0: SINGLE (Line Drive, 5D, EV 96.9 MPH)
Batting: RHB James Woodard 0-0: Swinging Strike
0-1: Foul Ball, location: 2F
0-2: Ball
1-2: Grounds into double play, 5-4-3 (Groundball, 15, EV 86.3 MPH)
Batting: RHB Matt Widman 0-0: Swinging Strike
0-1: Ball
1-1: Called Strike
1-2: Ball
2-2: Strikes out looking
Bottom of the 1st over - 0 runs, 1 hit, 0 errors, 0 left on base; Beloit 0 - Quad Cities 0
TOP OF THE 2ND
Beloit Snappers batting - Pitching for Quad Cities River Bandits : LHP Will Lepp
Batting: RHB Jose Cota 0-0: Ball
1-0: Ball
2-0: Ball
3-0: Base on Balls
Batting: RHB Milt May 0-0: Ball
1-0: Called Strike
1-1: Foul Ball, location: 2F
1-2: Ball
Wild Pitch!
Jose Cota to second
2-2: Strikes out swinging
Batting: RHB Gordie Spencer 0-0: Ball
1-0: Called Strike
1-1: Foul Ball, location: 9LSF
1-2: Foul Ball, location: 25F
1-2: Ball
2-2: TRIPLE (Flyball, 78XD, EV 93.8 MPH)
Jose Cota scores
Batting: RHB Tony Hernandez 0-0: Swinging Strike
0-1: Swinging Strike
0-2: Strikes out looking
Batting: RHB Luis Zuniga 0-0: Ball
1-0: Ground out 1-3 (Groundball, 15S, EV 93.8 MPH)
Top of the 2nd over - 1 run, 1 hit, 0 errors, 1 left on base; Beloit 1 - Quad Cities 0
BOTTOM OF THE 2ND
Quad Cities River Bandits batting - Pitching for Beloit Snappers : RHP Paul Hilborn
Batting: RHB Danny Malave 0-0: Ball
1-0: Ball
2-0: Foul Ball, location: 5F
2-1: Fly out, F8 (Line Drive, 89M, EV 94.4 MPH)
Batting: RHB Cody Shuman 0-0: Ball
1-0: Called Strike
1-1: Fly out, F8 (Flyball, 8LD, EV 92.5 MPH)
Batting: RHB Travis Goodman 0-0: Ball
1-0: Ground out 6-3 (Groundball, 6, EV 100.6 MPH)
Bottom of the 2nd over - 0 runs, 0 hits, 0 errors, 0 left on base; Beloit 1 - Quad Cities 0
TOP OF THE 3RD
Beloit Snappers batting - Pitching for Quad Cities River Bandits : LHP Will Lepp
Batting: SHB Jim Unknown 0-0: Swinging Strike
0-1: Ball
1-1: Swinging Strike
1-2: Foul Ball, location: 9LSF
1-2: Strikes out looking
Batting: LHB Steve Witmer 0-0: Called Strike
0-1: Ball
1-1: Ball
2-1: Fly out, F7 (Line Drive, 78M, EV 95.0 MPH)
Batting: RHB Bobby Old 0-0: Called Strike
0-1: Swinging Strike
0-2: SINGLE (Line Drive, 56, EV 100.0 MPH)
Batting: RHB Bobby Flores 0-0: Swinging Strike
0-1: Ball
1-1: Foul Ball, location: 7LDF
1-2: Foul Ball, location: 3SF
1-2: Ball
2-2: Foul Ball, location: 2F
2-2: Foul Ball, location: 5F
2-2: Foul Ball, location: 23FF
2-2: Ball
3-2: Foul Ball, location: 7LDF
3-2: Foul Ball, location: 2F
3-2: Foul Ball, location: 5F
3-2: Fly out, F8 (Flyball, 8RD, EV 94.4 MPH)
Top of the 3rd over - 0 runs, 1 hit, 0 errors, 1 left on base; Beloit 1 - Quad Cities 0
BOTTOM OF THE 3RD
Quad Cities River Bandits batting - Pitching for Beloit Snappers : RHP Paul Hilborn
Batting: LHB Sam Latsch 0-0: Called Strike
0-1: Swinging Strike
0-2: Strikes out swinging
Batting: RHB Ted Chapin 0-0: Called Strike
0-1: Ball
1-1: Ball
2-1: Ball
3-1: Base on Balls
Batting: RHB Paolo Couvreur 0-0: Swinging Strike
0-1: Foul Ball, location: 23F
0-2: Strikes out looking
Batting: RHB Alex Romero 0-0: Called Strike
0-1: Ball
1-1: Ball
2-1: TRIPLE (Flyball, 89XD, EV 89.4 MPH)
Ted Chapin scores
Batting: RHB James Woodard 0-0: Foul Ball, location: 5SF
0-1: Ball
1-1: Ball
2-1: Swinging Strike
2-2: Strikes out looking
Bottom of the 3rd over - 1 run, 1 hit, 0 errors, 1 left on base; Beloit 1 - Quad Cities 1
TOP OF THE 4TH
Beloit Snappers batting - Pitching for Quad Cities River Bandits : LHP Will Lepp
Batting: RHB Jose Cota 0-0: Called Strike
0-1: Ball
1-1: Ball
2-1: Foul Ball, location: 7LDF
2-2: Fly out, F8 (Flyball, 8RM, EV 94.4 MPH)
Batting: RHB Milt May 0-0: Swinging Strike
0-1: Swinging Strike
0-2: Ball
1-2: Ball
2-2: Foul Ball, location: 2F
2-2: Strikes out looking
Batting: RHB Gordie Spencer 0-0: Ball
1-0: Ground out 1-3 (Groundball, 34S, EV 73.1 MPH)
Top of the 4th over - 0 runs, 0 hits, 0 errors, 0 left on base; Beloit 1 - Quad Cities 1
BOTTOM OF THE 4TH
Quad Cities River Bandits batting - Pitching for Beloit Snappers : RHP Paul Hilborn
Batting: RHB Matt Widman 0-0: Ball
1-0: Foul Ball, location: 2F
1-1: Ball
2-1: Fly out, F8 (Line Drive, 8LM, EV 91.9 MPH)
Batting: RHB Danny Malave 0-0: Called Strike
0-1: Foul Ball, location: 23FF
0-2: Ball
1-2: Fly out, F9 (Line Drive, 89M, EV 95.0 MPH)
Batting: RHB Cody Shuman 0-0: Ball
1-0: Ball
2-0: Ball
3-0: Called Strike
3-1: Called Strike
3-2: Fly out, F8 (Flyball, 78M, EV 88.8 MPH)
Bottom of the 4th over - 0 runs, 0 hits, 0 errors, 0 left on base; Beloit 1 - Quad Cities 1
TOP OF THE 5TH
Beloit Snappers batting - Pitching for Quad Cities River Bandits : LHP Will Lepp
Batting: RHB Tony Hernandez 0-0: Foul Ball, location: 5F
0-1: Foul Ball, location: 2F
0-2: Ball
1-2: Foul Ball, location: 2F
1-2: Strikes out swinging, 2-3 out at first.
Batting: RHB Luis Zuniga 0-0: Ball
1-0: Ball
2-0: Ball
3-0: Base on Balls
Batting: SHB Jim Unknown 0-0: Foul Ball, location: 3F
0-1: Ball
1-1: Foul Ball, location: 2F
1-2: Ball
2-2: Strikes out swinging
Batting: LHB Steve Witmer 0-0: Ball
1-0: Ball
2-0: Called Strike
2-1: Foul Ball, location: 23F
2-2: Foul Ball, location: 2F
2-2: Ball
3-2: Foul Ball, location: 25FF
3-2: Foul Ball, location: 7LSF
3-2: Foul Ball, location: 9LMF
3-2: Foul Ball, location: 5F
3-2: Fly out, F8 (Flyball, 78S, EV 86.9 MPH)
Top of the 5th over - 0 runs, 0 hits, 0 errors, 1 left on base; Beloit 1 - Quad Cities 1
BOTTOM OF THE 5TH
Quad Cities River Bandits batting - Pitching for Beloit Snappers : RHP Paul Hilborn
Batting: RHB Travis Goodman 0-0: Called Strike
0-1: Called Strike
0-2: Foul Ball, location: 2F
0-2: Ball
1-2: Foul Ball, location: 2F
1-2: Ball
2-2: Fly out, F9 (Flyball, 9S, EV 84.4 MPH)
Batting: LHB Sam Latsch 0-0: Ball
1-0: Foul Ball, location: 25FF
1-1: Fly out, F4 (Popup, 34D, EV 58.1 MPH)
Batting: RHB Ted Chapin 0-0: Ball
1-0: Ball
2-0: Ball
3-0: Called Strike
3-1: Swinging Strike
3-2: Foul Ball, location: 2F
3-2: Ground out U3 (Groundball, 3S, EV 65.0 MPH)
Bottom of the 5th over - 0 runs, 0 hits, 0 errors, 0 left on base; Beloit 1 - Quad Cities 1
TOP OF THE 6TH
Beloit Snappers batting - Pitching for Quad Cities River Bandits : LHP Will Lepp
Batting: RHB Bobby Old 0-0: Foul Ball, location: 9LSF
0-1: Foul Ball, location: 2F
0-2: Ball
1-2: Foul Ball, location: 2F
1-2: Foul Ball, location: 5FF
1-2: Ground out 6-3 (Groundball, 6, EV 108.1 MPH)
Batting: RHB Bobby Flores 0-0: Called Strike
0-1: Foul Ball, location: 23F
0-2: Ball
1-2: Ball
2-2: Ball
3-2: Foul Ball, location: 5F
3-2: Ground out 5-3 (Groundball, 15, EV 81.3 MPH)
Batting: RHB Jose Cota 0-0: Called Strike
0-1: Foul Ball, location: 2RF
0-2: Ball
1-2: Strikes out swinging
Top of the 6th over - 0 runs, 0 hits, 0 errors, 0 left on base; Beloit 1 - Quad Cities 1
BOTTOM OF THE 6TH
Quad Cities River Bandits batting - Pitching for Beloit Snappers : RHP Paul Hilborn
Batting: RHB Paolo Couvreur 0-0: Foul Ball, location: 9LSF
0-1: Ball
1-1: Foul Ball, location: 2F
1-2: Foul Ball, location: 3FF
1-2: Ball
2-2: Foul Ball, location: 9LMF
2-2: Foul Ball, location: 3F
2-2: Fly out, F7 (Flyball, 7D, EV 110.6 MPH)
Batting: RHB Alex Romero 0-0: Ball
1-0: Ball
2-0: SINGLE (Line Drive, 6MD, EV 100.0 MPH)
Batting: RHB James Woodard 0-0: Swinging Strike
0-1: Ball
1-1: Ball
2-1: Ball
3-1: Base on Balls
Alex Romero to second
Batting: RHB Matt Widman 0-0: Ball
1-0: Swinging Strike
1-1: Called Strike
1-2: Ball
2-2: Fielders Choice at 2nd, 4-6 (Groundball, 4, EV 100.0 MPH)
Alex Romero to third
Batting: RHB Danny Malave 0-0: Called Strike
0-1: Foul Ball, location: 9LMF
0-2: Fly out, F9 (Flyball, 9D, EV 106.9 MPH)
Bottom of the 6th over - 0 runs, 1 hit, 0 errors, 2 left on base; Beloit 1 - Quad Cities 1
TOP OF THE 7TH
Beloit Snappers batting - Pitching for Quad Cities River Bandits : LHP Will Lepp
Pitching: RHP Sung-hyun Park
Batting: RHB Milt May 0-0: Called Strike
0-1: Fly out, F7 (Flyball, 7LS, EV 92.5 MPH)
Batting: RHB Gordie Spencer 0-0: Called Strike
0-1: Foul Ball, location: 9LMF
0-2: Fly out, F8 (Flyball, 8RD, EV 108.8 MPH)
Batting: RHB Tony Hernandez 0-0: Called Strike
0-1: Swinging Strike
0-2: Strikes out swinging
Top of the 7th over - 0 runs, 0 hits, 0 errors, 0 left on base; Beloit 1 - Quad Cities 1
BOTTOM OF THE 7TH
Quad Cities River Bandits batting - Pitching for Beloit Snappers : RHP Paul Hilborn
Batting: RHB Cody Shuman 0-0: Called Strike
0-1: Ball
1-1: Ball
2-1: Foul Ball, location: 9LMF
2-2: Fly out, F8 (Flyball, 8RD, EV 102.5 MPH)
Batting: RHB Travis Goodman 0-0: Foul Ball, location: 23FF
0-1: Ball
1-1: Ball
2-1: Foul Ball, location: 7LSF
2-2: Ball
3-2: Base on Balls
Batting: LHB Sam Latsch 0-0: Swinging Strike
0-1: Ball
1-1: Reached on error, E4 (Groundball, 4, EV 79.4 MPH)
Travis Goodman to second
Pitching: RHP Malik Olds
Batting: RHB Ted Chapin 0-0: Hit by Pitch
Travis Goodman to third
Sam Latsch to second
Batting: RHB Paolo Couvreur 0-0: Fly out, F8 (Flyball, 89M, EV 88.1 MPH)
Runner from 3rd tags up, SCORES, throw by CF
Sam Latsch to third
Batting: RHB Alex Romero 0-0: Foul Ball, location: 25F
0-1: Swinging Strike
0-2: Foul Ball, location: 9LDF
0-2: Ball
1-2: SINGLE (Groundball, 6D, EV 103.1 MPH)
Sam Latsch scores
Ted Chapin to second
Batting: RHB James Woodard 0-0: Ball
1-0: Called Strike
1-1: SINGLE (Groundball, 4MD, EV 108.1 MPH)
Ted Chapin to third
Alex Romero to second
Batting: RHB Matt Widman 0-0: Called Strike
0-1: Ball
1-1: Ball
2-1: Called Strike
2-2: Strikes out swinging
Bottom of the 7th over - 2 runs, 2 hits, 1 error, 3 left on base; Beloit 1 - Quad Cities 3
TOP OF THE 8TH
Beloit Snappers batting - Pitching for Quad Cities River Bandits : RHP Sung-hyun Park
Pitching: RHP Isaiah Hollis
Pinch Hitting: LHB Bobby Dollar 0-0: Foul Ball, location: 3F
0-1: Fly out, F7 (Line Drive, 78M, EV 92.5 MPH)
Batting: SHB Jim Unknown 0-0: Foul Ball, location: 3F
0-1: Swinging Strike
0-2: Foul Ball, location: 3F
0-2: Ball
1-2: Ball
2-2: Foul Ball, location: 5SF
2-2: Strikes out swinging
Batting: LHB Steve Witmer 0-0: Foul Ball, location: 2F
0-1: Ball
1-1: Ball
2-1: SINGLE (Line Drive, 5L, EV 93.8 MPH)
Batting: RHB Bobby Old 0-0: Called Strike
0-1: Fielders Choice at 2nd, 6-4 (Groundball, 6, EV 90.6 MPH)
Top of the 8th over - 0 runs, 1 hit, 0 errors, 1 left on base; Beloit 1 - Quad Cities 3
BOTTOM OF THE 8TH
Quad Cities River Bandits batting - Pitching for Beloit Snappers : RHP Malik Olds
Pitching: RHP Rick Frechette
Now at SS: Matt Ludwig
Batting: RHB Danny Malave 0-0: Called Strike
0-1: Fly out, F2 (Popup, 25F, EV 79.4 MPH)
Batting: RHB Cody Shuman 0-0: Ball
1-0: Called Strike
1-1: Ball
2-1: Fly out, F9 (Flyball, 89M, EV 91.3 MPH)
Batting: RHB Travis Goodman 0-0: Called Strike
0-1: Ball
1-1: Fly out, F8 (Flyball, 8RD, EV 94.4 MPH)
Bottom of the 8th over - 0 runs, 0 hits, 0 errors, 0 left on base; Beloit 1 - Quad Cities 3
TOP OF THE 9TH
Beloit Snappers batting - Pitching for Quad Cities River Bandits : RHP Isaiah Hollis
Batting: RHB Bobby Flores 0-0: Foul Ball, location: 5FF
0-1: Foul Ball, location: 23FF
0-2: Strikes out looking
Batting: RHB Jose Cota 0-0: Foul Ball, location: 2RF, Error on foul ball, E2
0-1: Ball
1-1: Ground out 6-3 (Groundball, 6S, EV 88.1 MPH)
Batting: RHB Milt May 0-0: Ball
1-0: Foul Ball, location: 2F
1-1: Ball
2-1: Swinging Strike
2-2: Strikes out looking
Top of the 9th over - 0 runs, 0 hits, 1 error, 0 left on base; Beloit 1 - Quad Cities 3
Thursday, April 11th , 2024 - OOTP Baseball 24.11 Build 85